 Dungeon Crawl Stone Soup version 0.30-a0-439-g9e77e4d916 (webtiles) character file.

Game seed: 13120932023026547340

340 KennySheep the Shooter (level 6, -2/37 HPs)
             Began as a Tengu Hunter on Dec 10, 2022.
             Was a Priest of Uskayaw.
             Slain by a black bear (3 damage)
             ... on level 5 of the Dungeon.
             The game lasted 00:08:15 (3361 turns).

KennySheep the Shooter (Tengu Hunter)               Turns: 3361, Time: 00:08:16

Health: -2/37      AC:  4    Str: 11    XL:     6   Next: 56%
Magic:  8/8        EV: 16    Int: 13    God:    Uskayaw [***...]
Gold:   282        SH:  0    Dex: 18    Spells: 5/5 levels left

rFire   . . .      SeeInvis .    a - +0 shortbow
rCold   . . .      Faith    .    (shield currently unavailable)
rNeg    . . .      Spirit   .    c - +0 leather armour
rPois   .          Reflect  .    (helmet restricted)
rElec   .          Harm     .    t - +0 cloak
rCorr   .          Rampage  .    (no gloves)
Will    .....                    (boots unavailable)
Stlth   ++........               (no amulet)
HPRegen 0.26/turn                (no ring)
MPRegen 0.11/turn                (no ring)

@: flying quickly and evasively, quick
A: beak, talons 3, nimble flight, clever 1, mutation resistance 1, inability to
read after injury 1
a: Renounce Religion, Stomp, Line Pass


You were on level 5 of the Dungeon.
You worshipped Uskayaw.
Uskayaw was noncommittal.
You visited 1 branch of the dungeon, and saw 5 of its levels.

You collected 282 gold pieces.

Inventory:

Hand Weapons
 a - a +0 shortbow (weapon)
Missiles
 l - a throwing net
Armour
 c - a +0 leather armour (worn)
 t - a +0 cloak (worn)
Wands
 n - a wand of quicksilver (8)
Scrolls
 b - 4 scrolls of immolation
 d - a scroll of enchant weapon {unknown}
 f - 3 scrolls of teleportation
 i - a scroll of magic mapping
 j - a scroll of noise
 k - 2 scrolls of summoning
 m - 4 scrolls of identify
 p - a scroll of fear {unknown}
 r - a scroll of silence {unknown}
 s - a scroll of blinking {unknown}
 v - a scroll of brand weapon {unknown}
Potions
 e - a potion of mutation
 g - a potion of ambrosia
 h - 2 potions of heal wounds
 o - 3 potions of curing {unknown}
 q - a potion of brilliance {unknown}
 u - a potion of flight {unknown}


   Skills:
 + Level 3.5 Fighting
 + Level 5.4 Ranged Weapons
 + Level 3.8 Dodging
 + Level 3.2 Stealth
 + Level 1.9 Invocations


You had 5 spell levels left.
You didn't know any spells.
Your spell library contained the following spells:

 Spells                   Type           Power      Damage    Failure   Level
 Sting                    Tmut/Pois      0%         1d3       38%         1
 Poisonous Vapours        Pois/Air       0%         N/A       52%         2
 Olgreb's Toxic Radiance  Pois           0%         N/A       99%         4


Dungeon Overview and Level Annotations

Branches:
Dungeon (5/15)             Temple (0/1) D:5

Altars:
Dithmenos
Uskayaw
Vehumet
Wu Jian
Xom

Shops:
D:4 [

Portals:
Abyss: D:4

Annotations:
D:4 2 transporters, VibeKiller's ghost, amateur SpEn


Innate Abilities, Weirdness & Mutations

You have a beak for a mouth.
You have claws for feet.
Your magical nature lets you fly swiftly and evasively.
Your mind is acute. (Int +4, Str/Dex -1)
You are somewhat resistant to further mutation.
You occasionally lose the ability to read scrolls when taking damage.


Message History

The arrow hits the black bear but does no damage.
The black bear is heavily wounded.
The black bear closely misses you. The black bear claws you.
The black bear misses you.
You shoot an arrow. The arrow hits the black bear.
The black bear is heavily wounded.
The black bear barely misses you. The black bear completely misses you.
The black bear claws you but does no damage.
You shoot an arrow.
The arrow hits the black bear but does no damage.
The black bear is heavily wounded.
The black bear bites you but does no damage.
The black bear claws you but does no damage.
The black bear claws you.
You shoot an arrow. The arrow hits the black bear!
The black bear is almost dead.
The black bear goes berserk!
The black bear barely misses you. The black bear claws you.
The black bear completely misses you.
Uskayaw will force your foes to helplessly watch your dance.
Uskayaw prepares the audience for your solo!
You shoot an arrow. The arrow hits the black bear.
The black bear is almost dead.
The black bear is no longer paralysed.
The black bear misses you.
The black bear closely misses you. x2; The black bear bites you!
The black bear claws you.
You feel threatened and lose the ability to read scrolls!
* * * LOW HITPOINT WARNING * * *
The black bear claws you.
* * * LOW HITPOINT WARNING * * *
You shoot an arrow. The arrow barely misses the black bear.
You can read scrolls again.
The black bear closely misses you. The black bear misses you.
The black bear claws you but does no damage.
You shoot an arrow.
The arrow hits the black bear but does no damage.
The black bear is almost dead.
The black bear misses you. The black bear claws you.
* * * LOW HITPOINT WARNING * * *
The black bear claws you.
You die...

........# ###.###.# #
##.###### ######## #
#)......###......#
.###.##)..#.......####.#
..........#...##.......#
.###.##.#####.......##.#
# .......
#h..#...##..#..... #####
#...##
#@#.#.#.#######..# ....#
#...# #........ ##.#
###.# #...# ####.####
#..# ###.# #...# #.#
#### .##.# #...# # ....#
#...#
.##.###...########..
.................#.# #.
.................#.##..


You could see a black bear (berserk).

Vanquished Creatures
  A necrophage (D:4)
  2 scorpions (D:5)
  Terence (D:2)
  An orc wizard (D:5)
  4 adders
  2 worms (D:2)
  A dart slug (D:4)
  4 orcs
  8 bats
  4 endoplasms
  2 giant cockroaches
  9 goblins
  5 hobgoblins
  7 quokkas
  7 ball pythons
  2 frilled lizards
  4 kobolds
  6 rats
70 creatures vanquished.

Vanquished Creatures (others)
  2 fungi (D:1)
  2 plants (D:4)
  3 toadstools (D:1)
7 creatures vanquished.

Grand Total: 77 creatures vanquished

Notes
Turn   | Place    | Note
-------+----------+-------------------------------------------
     0 | D:1      | KennySheep the Tengu Hunter began the quest for the Orb.
     0 | D:1      | Reached XP level 1. HP: 12/12 MP: 2/2
   151 | D:1      | Reached XP level 2. HP: 17/17 MP: 3/3
   591 | D:1      | Reached XP level 3. HP: 22/22 MP: 4/4
  1137 | D:2      | Found a faded altar of an unknown god.
  1145 | D:2      | Prayed at the altar of an unknown god.
  1145 | D:2      | Became a worshipper of Uskayaw the Reveller
  1145 | D:2      | Reached * piety under Uskayaw
  1166 | D:2      | Noticed Terence
  1175 | D:2      | Killed Terence
  1176 | D:2      | Reached XP level 4. HP: 14/27 MP: 5/5
  1177 | D:2      | Reached ** piety under Uskayaw
  1279 | D:2      | Identified the +11 short sword of Sloth {flame, *Corrode
                  | rF++ rN+ Dex+4}
  1331 | D:2      | Gained mutation: Your mind is acute. (Int +4, Str/Dex -1)
                  | [potion of mutation]
  1331 | D:2      | Gained mutation: You occasionally lose the ability to read
                  | scrolls when taking damage. [potion of mutation]
  1331 | D:2      | Gained mutation: You are somewhat resistant to further
                  | mutation. [potion of mutation]
  1714 | D:3      | Found a shadowy altar of Dithmenos.
  2053 | D:3      | Reached skill level 5 in Ranged Weapons
  2114 | D:4      | Found a transporter.
  2214 | D:4      | Found Xausy's Armour Shop.
  2274 | D:4      | Reached skill level 1 in Invocations
  2274 | D:4      | Gained mutation: Your magical nature lets you fly swiftly
                  | and evasively. [Tengu growth]
  2274 | D:4      | Reached XP level 5. HP: 32/32 MP: 6/6
  2387 | D:4      | Found a radiant altar of Vehumet.
  2451 | D:4      | Found an ornate altar of the Wu Jian Council.
  2452 | D:4      | Found a shimmering altar of Xom.
  2475 | D:4      | Found a transporter.
  2482 | D:4      | Found a one-way gate to the infinite horrors of the Abyss.
  2482 | D:4      | Noticed VibeKiller's ghost (amateur SpEn)
  2864 | D:5      | Entered Level 5 of the Dungeon
  2935 | D:5      | Reached XP level 6. HP: 36/37 MP: 8/8
  3025 | D:5      | Found a staircase to the Ecumenical Temple.
  3339 | D:5      | Noticed a black bear
  3358 | D:5      | Reached *** piety under Uskayaw
  3361 | D:5      | HP: 1/37 [black bear (4)]
  3361 | D:5      | Slain by a black bear

Illustrated notes

Levels and vault maps discovered:
D:1:      shiori_shiawase, layout_loops_ring, dreamdust_princess_bridge,
          chequers_serial_rivers_large_a, minmay_gold_behind_fungi,
          palyth_stone_intersect, minivault_5, kennysheep_doodads,
          reono_crystal_passage, st_stairs_5, minmay_misc_feat_diagonals,
          hangedman_decor_push, minmay_misc_feat_cross
D:2:      layout_rooms, hellmonk_ecumenical_altar_prayer_group, uniq_terence
D:3:      layout_basic, nicolae_dithmenos_the_darkroom,
          chequers_serial_rivers_micro_c, feat_on_display
D:4:      layout_basic, mainiacjoe_overflow_tiny_flanked,
          mainiacjoe_overflow_divided_tiny, gammafunk_ghost_abyssal_escape,
          serial_shops, nicolae_diamond_shop, minmay_misc_feat_doors,
          minmay_misc_feat_ornament, kennysheep_another_room, chequers_big_river
D:5:      layout_loops_cross, grunt_temple_overflow_growth_and_decay,
          mainiacjoe_overflow_alcove_1, minmay_temple_entry_glassed_door

Skill      XL: |  1  2  3  4  5 |
---------------+----------------+-----
Dodging        | 3 |  3.8
Stealth        | 2 3 |  3.2
Ranged Weapons | 5 |  5.4
Invocations    | 1 |  1.9
Fighting       | 3 |  3.5

Action                   |  1- 3 |  4- 6 || total
-------------------------+-------+-------++-------
 Fire: Shortbow          |    80 |   124 ||   204
  Use: Scroll            |       |     6 ||     6
       Potion            |       |     1 ||     1
Armor: Leather armour    |     3 |    12 ||    15
Dodge: Dodged            |    15 |    32 ||    47

Table legend: (Time is in decaauts)
 A = Elapsed time spent in this place.
 B = Non-inter-level travel time spent in this place.
 C = Inter-level travel time spent in this place.
 D = Time resting spent in this place.
 E = Time spent auto-exploring this place.
 F = Levels seen in this place.
 G = Mean time per level.
                   A        B        C        D        E       F      G
               +--------+--------+--------+--------+--------+-----+--------+
         Total |   3333 |   3260 |     73 |      0 |   2786 |   5 |  666.6 |
       Dungeon |   3333 |   3260 |     73 |      0 |   2786 |   5 |  666.6 |
               +--------+--------+--------+--------+--------+-----+--------+

Top non-repeatable levels by time:
     D:1: 1057 daAuts
     D:4: 709 daAuts
     D:2: 553 daAuts
     D:3: 547 daAuts
     D:5: 464 daAuts
